 Dungeon Crawl Stone Soup version 0.29.1-1-gd02db6906a (webtiles) character file.

Game seed: 559292292408993379

51 dave1331 the Trooper (level 3, -2/40 HPs)
             Began as an Ogre Fighter on Oct 2, 2022.
             Slain by Sigmund
             ... wielding a +0 scythe
              (6 damage)
             ... on level 3 of the Dungeon.
             The game lasted 00:04:31 (1679 turns).

dave1331 the Trooper (Ogre Fighter)                 Turns: 1679, Time: 00:04:31

Health: -2/40      AC:  7    Str: 28    XL:     3   Next: 81%
Magic:  3/3        EV:  8    Int:  9    God:
Gold:   113        SH:  7    Dex:  8    Spells: 2/2 levels left

rFire   . . .      SeeInvis .   h - +0 spear
rCold   . . .      Faith    .   c - +0 kite shield
rNeg    . . .      Spirit   .   b - +0 robe
rPois   .          Reflect  .   (helmet restricted)
rElec   .          Harm     .   (no cloak)
rCorr   .          Rampage  .   (gloves unavailable)
Will    .....                   (boots unavailable)
Stlth   +.........              (no amulet)
HPRegen 0.13/turn               e - +4 ring of protection
MPRegen 0.08/turn               j - +6 ring of strength

@: no status effects
A: large, unfitting armour, tough skin 1
a: no special abilities


You were on level 3 of the Dungeon.
You visited 1 branch of the dungeon, and saw 3 of its levels.

You collected 113 gold pieces.

Inventory:

Hand Weapons
 a - a +0 war axe
 f - a +0 battleaxe
 h - a +0 spear (weapon)
Missiles
 s - 5 boomerangs (quivered)
Armour
 b - a +0 robe (worn)
 c - a +0 kite shield (worn)
Jewellery
 e - a +4 ring of protection (left hand)
 j - a +6 ring of strength (right hand)
 l - an amulet of reflection
Wands
 q - a wand of digging (5)
 u - a wand of polymorph (9)
Scrolls
 g - 2 scrolls of fear {unknown}
 i - a scroll of immolation {unknown}
 n - 2 scrolls of identify {unknown}
 t - a scroll of torment {unknown}
Potions
 d - 2 potions of might
 k - a potion of cancellation {unknown}
 m - a potion of lignification {unknown}
 o - a potion of attraction {unknown}
 p - a potion of curing {unknown}
 r - a potion of heal wounds {unknown}


   Skills:
 + Level 4.5 Fighting
 + Level 2.5(2.6) Axes
 + Level 0.4(1.6) Polearms
 + Level 3.2 Dodging
 + Level 0.2 Stealth
 + Level 3.2 Shields


You had 2 spell levels left.
You didn't know any spells.
Your spell library was empty.

Dungeon Overview and Level Annotations

Branches:
Dungeon (3/15)

Altars:
Kikubaaqudgha

Annotations:
D:3 Sigmund


Innate Abilities, Weirdness & Mutations

You are too large for most types of armour.
You have tough skin. (AC +1)


Message History

Sigmund flickers and vanishes!
Deactivating autopickup; reactivate with Ctrl-A.
You closely miss the goblin. The bat hits you. The bat closely misses you.
The quokka closely misses you. The goblin hits you but does no damage.
The bat hits you but does no damage.
You closely miss the quokka. The bat hits you but does no damage.
The quokka bites you. The goblin hits you but does no damage.
The quokka bites you but does no damage.
You closely miss the quokka. Something hits you but does no damage.
The bat hits you but does no damage. The goblin hits you but does no damage.
The quokka closely misses you.
You feel less confused. Something hits you! You block the bat's attack.
The goblin hits you but does no damage. The quokka barely misses you.
The quokka attacks as you move away! You block the quokka's attack.
You block the bat's attack. Something hits you! The goblin barely misses you.
The goblin attacks as you move away! The goblin barely misses you.
The quokka attacks as you move away! The quokka barely misses you.
Something hits you!
* * * LOW HITPOINT WARNING * * *
The bat closely misses you. You block the quokka's attack.
The goblin attacks as you move away! You block the goblin's attack.
Something hits you.
* * * LOW HITPOINT WARNING * * *
The bat hits you but does no damage. The bat barely misses you.
You block the quokka's attack. The bat hits you but does no damage.
You block the quokka's attack. The goblin attacks as you move away!
The goblin hits you but does no damage. You block the bat's attack.
You hear some strange, mumbled words.
Something tries to affect you, but you resist.
The quokka attacks as you move away! The quokka bites you.
* * * LOW HITPOINT WARNING * * *
You block the bat's attack. You block the quokka's attack.
The bat hits you but does no damage. The quokka attacks as you move away!
The quokka bites you but does no damage.
You block the bat's attack. The bat barely misses you. Something hits you.
You die...

#####....#....#
####.#....##
#.#...[## #.#######
#..# # ##.### #
############...####
#.........####.....
#g@r......# #####.
#.{b......########.
#.........##......>
#.........##.######
#.........##'#.....
#.............?.#
#...............<..
#...............###
#.........<........


You could see a quokka, a goblin and a bat.

Vanquished Creatures
  An adder (D:2)
  A worm (D:2)
  2 dart slugs (D:1)
  2 orcs (D:3)
  6 ball pythons
  3 bats
  A giant cockroach (D:3)
  4 goblins
  2 hobgoblins (D:1)
  3 jackals (D:2)
  2 frilled lizards
  A kobold (D:1)
  5 rats
33 creatures vanquished.

Notes
Turn   | Place    | Note
-------+----------+-------------------------------------------
     0 | D:1      | dave1331 the Ogre Fighter began the quest for the Orb.
     0 | D:1      | Reached XP level 1. HP: 24/24 MP: 1/1
   109 | D:1      | Reached XP level 2. HP: 32/32 MP: 2/2
   421 | D:1      | Found a faded altar of an unknown god.
   904 | D:2      | Reached XP level 3. HP: 36/40 MP: 3/3
  1525 | D:3      | Found an ancient bone altar of Kikubaaqudgha.
  1661 | D:3      | Noticed Sigmund
  1679 | D:3      | Slain by Sigmund

Illustrated notes

Levels and vault maps discovered:
D:1:      saegor_arrival_simple_c, layout_basic,
          shapermc_ecumenical_altar_starsandcircs
D:2:      layout_basic, amcnicky_mini_pool_small
D:3:      layout_basic, nicolae_overflow_crystal_walls,
          mainiacjoe_overflow_alcove_4, mainiacjoe_overflow_tiny_flanked,
          uniq_jessica, uniq_sigmund, uniq_robin

Skill      XL: |  1  2 |
---------------+-------+-----
Dodging        | 3 |  3.2
Fighting       | |  4.5
Axes           | |  2.5
Polearms       | |  0.4
Stealth        | |  0.2
Shields        | |  3.2

Action                   || total
-------------------------++-------
Melee: War axe           ||    29
       Spear             ||   115
Armor: Robe              ||   121
Dodge: Dodged            ||    75
Block: Kite shield       ||    68
